 Dungeon Crawl Stone Soup version 0.27.1-33-g824d729ab1 (webtiles) character file.

Game seed: 8804194037036671984

1040 jlumianski the Ducker (level 8, -5/67 HPs)
             Began as a Gnoll Monk on Dec 27, 2021.
             Killed by nerve-wracking pain
             ... invoked by an orc priest
              (12 damage)
             ... on level 5 of the Dungeon on Dec 28, 2021.
             The game lasted 00:29:10 (6260 turns).

jlumianski the Ducker (Gnoll Monk)                  Turns: 6260, Time: 00:29:10

Health: -5/67      AC:  3    Str:  9 (12) XL:     8   Next: 24%
Magic:  12/12      EV: 14    Int:  7 (10) God:
Gold:   283        SH:  0    Dex: 14 (15) Spells: 12/13 levels left

rFire    + . .     SeeInvis .   p - +0 halberd (pain)
rCold    . . .     Faith    .   (shield currently unavailable)
rNeg     . . .     Spirit   .   n - +0 leather armour
rPois    .         Reflect  .   (no helmet)
rElec    .         Harm     .   (no cloak)
rCorr    .         Rampage  .   (no gloves)
Will     .....                  (no boots)
Stlth    +++.......             (no amulet)
HPRegen  0.21/turn              l - ring of protection from fire
MPRegen  0.13/turn              o - ring of flight

@: mighty, flying, invisible
A: fangs 1, strong nose, distributed training
a: no special abilities


You were on level 5 of the Dungeon.
You visited 1 branch of the dungeon, and saw 5 of its levels.

You collected 283 gold pieces.

Inventory:

Hand Weapons
 a - a +0 hand axe
 e - a +2 hunting sling of freezing
 p - a +0 halberd of pain (weapon)
Missiles
 d - 3 boomerangs (quivered)
 g - 114 stones
 m - 9 sling bullets
 s - 33 bolts
Armour
 b - a +0 robe
 f - a +0 scale mail
 n - a +0 leather armour (worn)
Jewellery
 l - a ring of protection from fire (left hand)
 o - a ring of flight (right hand)
Scrolls
 h - 2 scrolls of vulnerability
 q - a scroll of teleportation
Potions
 c - a potion of degeneration
 j - a potion of resistance
 r - a potion of cancellation
 t - a potion of flight
 v - a potion of lignification


   Skills:
 + Level 7.3 Fighting
 + Level 3.1 Short Blades
 + Level 3.1 Long Blades
 + Level 7.3 Axes
 + Level 3.1 Maces & Flails
 + Level 3.1 Polearms
 + Level 3.1 Staves
 + Level 3.1 Slings
 + Level 3.1 Bows
 + Level 3.1 Crossbows
 + Level 3.1 Throwing
 + Level 3.1 Armour
 + Level 7.3 Dodging
 + Level 5.2 Stealth
 + Level 3.1 Shields
 + Level 3.1 Unarmed Combat
 + Level 3.1 Spellcasting
 + Level 2.5 Conjurations
 + Level 2.5 Hexes
 + Level 2.5 Summonings
 + Level 2.5 Necromancy
 + Level 2.5 Translocations
 + Level 2.5 Transmutations
 + Level 2.5 Fire Magic
 + Level 2.5 Ice Magic
 + Level 2.5 Air Magic
 + Level 2.5 Earth Magic
 + Level 2.5 Poison Magic
 + Level 3.4 Invocations
 + Level 3.1 Evocations


You had 12 spell levels left.
You knew the following spells:

 Your Spells              Type           Power      Damage    Failure   Level
a - Sting                 Tmut/Pois      16%        1d3       17%         1

Your spell library contained the following spells:

 Spells                   Type           Power      Damage    Failure   Level
 Poisonous Vapours        Pois/Air       8%         N/A       26%         2
 Olgreb's Toxic Radiance  Pois           4%         N/A       86%         4


Dungeon Overview and Level Annotations

Branches:
Dungeon (5/15)
 Temple: D:4-7

Altars:
Elyvilon
Kikubaaqudgha
Nemelex Xobeh
Qazlal
Ru
Trog


Innate Abilities, Weirdness & Mutations

You have very sharp teeth.
Your uncanny sense of smell can sniff out nearby items.
Your experience applies equally to all skills.


Message History

The orc is heavily wounded.
The orc misses you.
An orc priest comes into view. It is wielding a +0 dagger.
The orc priest invokes the aid of Beogh against you.
Beogh smites you!
The orc priest calls upon Beogh to heal the orc.
The orc's wounds heal themselves!
You feel very mighty all of a sudden. The orc closely misses you.
The orc priest looks encouraged for a moment.
An orc wizard comes into view. It is wielding a +0 dagger.
You puncture the orc!
The orc writhes in agony.
You kill the orc!
You slash the orc priest!
The orc priest is severely wounded.
The orc wizard mumbles some strange words.
The orc wizard flickers and vanishes!
Deactivating autopickup; reactivate with Ctrl-A.
The orc priest closely misses you.
You closely miss the orc priest.
The orc priest is severely wounded.
An orc comes into view. It is wielding a +0 dagger.
The orc priest mumbles some strange prayers to Beogh against you.
Beogh smites you!
* * * LOW HITPOINT WARNING * * *
The orc priest closely misses you.
The orc moves out of view.
You slash the orc priest!
You kill the orc priest!
The orc priest begins to cast a cantrip, but forgets the words!
You hit the orc priest.
The orc priest writhes in agony.
The orc priest is heavily wounded.
The orc priest mumbles some strange prayers to Beogh against you.
Pain shoots through your body!
* * * LOW HITPOINT WARNING * * *
The orc priest calls upon Beogh to heal the orc priest.
The orc priest is healed somewhat.
You fade into invisibility!
The orc priest mumbles some strange prayers to Beogh against you.
Pain shoots through your body!
You die...

#.# #.# #.# .
#.# .. #.# ...
#.# ..♣ #.#
oo.♣♣
#.#♣♣♣♣♣.....♣
#.....@oo.(#
############


You could see 3 orc priests and an orc.

Vanquished Creatures
  Menkaure (D:5)
  An ice beast (D:5)
  A necrophage (D:5)
  An ogre (D:5)
  2 phantoms (D:4)
  2 scorpions (D:5)
  3 hounds
  2 orc priests
  2 orc wizards
  3 gnolls
  7 adders
  An ufetubus (D:5)
  2 worms
  A dart slug (D:1)
  8 orcs
  2 endoplasms (D:1)
  8 giant cockroaches
  5 goblins
  5 hobgoblins
  3 jackals (D:1)
  5 kobolds
  3 quokkas
  5 ball pythons
  6 bats
  5 frilled lizards
  6 rats
90 creatures vanquished.

Vanquished Creatures (others)
  10 plants (D:3)
10 creatures vanquished.

Grand Total: 100 creatures vanquished

Notes
Turn   | Place    | Note
-------+----------+-------------------------------------------
     0 | D:1      | jlumianski the Gnoll Monk began the quest for the Orb.
     0 | D:1      | Reached XP level 1. HP: 23/23 MP: 1/1
   290 | D:1      | Reached XP level 2. HP: 29/29 MP: 2/2
   971 | D:2      | Reached XP level 3. HP: 34/35 MP: 3/3
  1072 | D:2      | Reached skill level 1 in Invocations
  1188 | D:2      | Reached skill level 1 in Short Blades
  1188 | D:2      | Reached skill level 1 in Long Blades
  1188 | D:2      | Reached skill level 1 in Maces & Flails
  1188 | D:2      | Reached skill level 1 in Polearms
  1188 | D:2      | Reached skill level 1 in Staves
  1188 | D:2      | Reached skill level 1 in Slings
  1188 | D:2      | Reached skill level 1 in Bows
  1188 | D:2      | Reached skill level 1 in Crossbows
  1188 | D:2      | Reached skill level 1 in Throwing
  1188 | D:2      | Reached skill level 1 in Armour
  1188 | D:2      | Reached skill level 1 in Shields
  1188 | D:2      | Reached skill level 1 in Unarmed Combat
  1188 | D:2      | Reached skill level 1 in Spellcasting
  1188 | D:2      | Reached skill level 1 in Evocations
  1237 | D:2      | Reached XP level 4. HP: 41/41 MP: 5/5
  2026 | D:2      | Found a faded altar of an unknown god.
  2112 | D:2      | Reached skill level 1 in Conjurations
  2112 | D:2      | Reached skill level 1 in Hexes
  2112 | D:2      | Reached skill level 1 in Summonings
  2112 | D:2      | Reached skill level 1 in Necromancy
  2112 | D:2      | Reached skill level 1 in Translocations
  2112 | D:2      | Reached skill level 1 in Transmutations
  2112 | D:2      | Reached skill level 1 in Fire Magic
  2112 | D:2      | Reached skill level 1 in Ice Magic
  2112 | D:2      | Reached skill level 1 in Air Magic
  2112 | D:2      | Reached skill level 1 in Earth Magic
  2112 | D:2      | Reached skill level 1 in Poison Magic
  2272 | D:3      | Found a sparkling altar of Nemelex Xobeh.
  2609 | D:3      | Found a white marble altar of Elyvilon.
  2630 | D:3      | Reached XP level 5. HP: 22/47 MP: 5/7
  3164 | D:3      | Learned a level 1 spell: Sting
  3303 | D:4      | Found a stormy altar of Qazlal.
  3412 | D:4      | Noticed a phantom
  3435 | D:4      | Killed a phantom
  3436 | D:4      | Reached XP level 6. HP: 10/53 MP: 8/8
  3759 | D:4      | Found a sacrificial altar of Ru.
  3763 | D:4      | Found a bloodstained altar of Trog.
  4950 | D:5      | Entered Level 5 of the Dungeon
  5157 | D:5      | Reached XP level 7. HP: 5/59 MP: 10/10
  5560 | D:5      | Reached skill level 5 in Stealth
  5772 | D:5      | Found an ancient bone altar of Kikubaaqudgha.
  5786 | D:5      | Reached XP level 8. HP: 25/67 MP: 12/12
  6081 | D:5      | Noticed Menkaure
  6091 | D:5      | Killed Menkaure
  6260 | D:5      | Killed from afar by an orc priest

Illustrated notes

Levels and vault maps discovered:
D:1:      kennysheep_arrival_seaside, layout_basic
D:2:      minmay_roachtagon, layout_rooms, basic_ecumenical_altar
D:3:      layout_loops_ring, nicolae_elyvilon_temple_path,
          nemelex_spade_bored_becter, grunt_ministairs_12
D:4:      layout_loops_ring, mainiacjoe_overflow_alcove_2,
          nicolae_qazlal_general_emergency, nicolae_ru_great_annihilating_truth,
          chequers_jeans
D:5:      layout_basic, mainiacjoe_overflow_six_doors_small,
          fedhas_altar_fruit_tree, uniq_menkaure

Skill      XL: |  1  2  3  4  5  6  7  8 |
---------------+-------------------------+-----
Invocations    | 1 2 3 |  3.4
Short Blades   | 1 2 3 |  3.1
Long Blades    | 1 2 3 |  3.1
Maces & Flails | 1 2 3 |  3.1
Polearms       | 1 2 3 |  3.1
Staves         | 1 2 3 |  3.1
Slings         | 1 2 3 |  3.1
Bows           | 1 2 3 |  3.1
Crossbows      | 1 2 3 |  3.1
Throwing       | 1 2 3 |  3.1
Armour         | 1 2 3 |  3.1
Shields        | 1 2 3 |  3.1
Unarmed Combat | 1 2 3 |  3.1
Spellcasting   | 1 2 3 |  3.1
Evocations     | 1 2 3 |  3.1
Conjurations   | 1 2 |  2.5
Hexes          | 1 2 |  2.5
Summonings     | 1 2 |  2.5
Necromancy     | 1 2 |  2.5
Translocations | 1 2 |  2.5
Transmutations | 1 2 |  2.5
Fire Magic     | 1 2 |  2.5
Ice Magic      | 1 2 |  2.5
Air Magic      | 1 2 |  2.5
Earth Magic    | 1 2 |  2.5
Poison Magic   | 1 2 |  2.5
Fighting       | 7 |  7.3
Axes           | 7 |  7.3
Dodging        | 7 |  7.3
Stealth        | 5 |  5.2

Action                   |  1- 3 |  4- 6 |  7- 9 || total
-------------------------+-------+-------+-------++-------
Melee: Hand axe          |    65 |    83 |    11 ||   159
       Bite              |     2 |    17 |     8 ||    27
       Punch             |     1 |     1 |       ||     2
       Halberd           |       |    69 |    45 ||   114
 Fire: Hunting sling     |    28 |    30 |    13 ||    71
Throw: Boomerang         |       |     5 |     8 ||    13
 Cast: Sting             |       |       |     4 ||     4
  Use: Scroll            |     2 |     4 |     3 ||     9
       Potion            |       |     1 |     6 ||     7
 Stab: Sleeping          |       |     2 |       ||     2
       Paralysed         |       |     2 |       ||     2
Armor: Robe              |     3 |       |       ||     3
       Scale mail        |    19 |       |       ||    19
       Leather armour    |       |    32 |     5 ||    37
Dodge: Dodged            |    45 |   116 |    51 ||   212
